Map: Divergence LE

Players

Massa - Winner!

  • Race: Terran Terran
  • League: Gold
  • Spawn Location: 5:00

qqq - Winner!

  • Race: Zerg Zerg
  • League: Platinum
  • Spawn Location: 5:00

predator

  • Race: Protoss Protoss
  • League: Gold
  • Spawn Location: 11:00

poseidon

  • Race: Zerg Zerg
  • League: Platinum
  • Spawn Location: 11:00

VOD

Have the link to the VOD?

Description

Time

  • Played on: May 5, 2020, 3 p.m.
  • Length: 5:11
Show
View Real Time Build Order
Export as new Build Order

Massa Terran - Winner!

Build Orders:  

Get SALT Encoding   

  12  0:13  SCV  
  13  0:16  Supply Depot  
  13  0:25  SCV  
  14  0:37  SCV  
  14  0:40  Barracks  
  15  0:49  SCV  
  16  0:57  Supply Depot  
  16  1:01  SCV  
  17  1:13  SCV  
  17  1:14  Refinery  
  18  1:31  Marine  
  19  1:34  Barracks  
  19  1:39  SCV, Barracks  
  20  1:51  Orbital Command  
  20  2:01  Barracks  
  20  2:08  Supply Depot  
  20  2:14  Marine  
  21  2:22  Marine  
  22  2:28  Marine  
  23  2:32  Marine  
  24  2:40  Marine  
  25  2:45  Marine  
  25  2:50  Marine, Supply Depot  
  25  2:51  SCV  
  28  2:53  Marine  
  28  2:58  Marine  
  30  3:03  Marine  
  31  3:07  Marine  
  31  3:10  Marine  
  33  3:13  Supply Depot  
  33  3:16  Marine  
  34  3:21  Marine  
  34  3:25  Marine  
  36  3:28  Marine  
  37  3:46  Factory  
  37  4:02  Marine x4  
  40  4:20  Marine x4  
  42  4:38  Marine x4  
Show
View Real Time Build Order
Export as new Build Order

qqq Zerg - Winner!

Build Orders: Hatch First 

Get SALT Encoding   

  12  0:02  Drone  
  13  0:10  Drone  
  14  0:36  Hatchery  
  13  0:47  Drone  
  14  0:54  Spawning Pool  
  13  0:59  Extractor  
  12  1:05  Overlord  
  12  1:10  Drone  
  13  1:16  Drone  
  14  1:26  Drone  
  14  1:31  Drone  
  16  1:43  Zergling x2  
  17  1:48  Queen  
  17  1:50  Drone  
  17  1:52  Zergling x2  
  21  2:00  Zergling x2  
  22  2:01  Zergling x2  
  22  2:07  Metabolic Boost  
  23  2:15  Overlord  
  23  2:18  Zergling x2  
  24  2:27  Baneling Nest  
  24  2:29  Drone  
  24  2:34  Zergling x2  
  25  2:37  Zergling x2  
  25  2:43  Zergling x2  
  27  2:45  Zergling x2  
  27  2:50  Zergling x2  
  29  2:56  Overlord  
  29  3:04  Zergling x4  
  31  3:13  Zergling x2  
  31  3:15  Zergling x4  
  31  3:18  Zergling x2  
  35  3:26  Zergling x2  
  35  3:27  Zergling x2  
  35  3:38  Baneling  
  35  3:42  Zergling x4  
  35  3:43  Zergling x4  
  39  3:57  Zergling x2  
  39  3:58  Zergling x2  
  40  4:04  Baneling  
  40  4:11  Zergling x2  
  40  4:12  Zergling x4  
  42  4:32  Baneling x2  
Show
View Real Time Build Order
Export as new Build Order

predator Protoss 

Build Orders:  

Get SALT Encoding   

  12  0:00  Probe  
  13  0:13  Probe  
  14  0:19  Pylon  
  14  0:30  Probe, Pylon  
  15  0:48  Probe, Gateway  
  16  1:00  Probe, Assimilator  
  17  1:11  Pylon  
  17  1:26  Gateway  
  17  1:39  Assimilator  
  17  1:47  Probe, Cybernetics Core  
  18  2:12  Probe (Chrono Boost)  
  19  2:21  Probe (Chrono Boost)  
  20  2:26  Probe (Chrono Boost)  
  21  2:32  Adept x2  
  25  2:38  Probe  
  26  3:00  Stargate  
  26  3:24  Twilight Council  
Show
View Real Time Build Order
Export as new Build Order

poseidon Zerg 

Build Orders: Hatch First 

Get SALT Encoding   

  12  0:02  Drone  
  13  0:12  Overlord  
  13  0:21  Drone  
  14  0:45  Drone  
  15  0:50  Drone  
  15  0:51  Hatchery  
  15  1:08  Spawning Pool  
  15  1:11  Drone  
  15  1:14  Drone  
  16  1:25  Extractor  
  15  1:29  Drone  
  16  1:34  Drone  
  17  1:56  Zergling x4  
  17  2:01  Drone  
  20  2:02  Extractor  
  20  2:04  Queen  
  20  2:06  Queen  
  23  2:13  Drone x2  
  23  2:15  Overlord  
  25  2:42  Baneling Nest  
  24  2:45  Drone  
  24  2:46  Drone x4  
  29  2:53  Metabolic Boost  
  29  3:15  Drone x7  
  34  3:40  Zergling x2  
  34  3:41  Zergling x6  
  36  3:46  Overlord  
  26  4:04  Zergling x2  
  26  4:05  Zergling x12  
  9  4:19  Zergling x10  
  14  4:26  Baneling  
  14  4:27  Baneling x3  
Tags
 
Add a new tag
Caveats
  • Supply blocks, unpowered buildings, or Contaminate may cause inaccurate times.
  • Supply counts are checked every 10 seconds.